 Dungeon Crawl Stone Soup version 0.27.1 (webtiles) character file.

Game seed: 3166517004557842906

242 MajorAdolf the Chopper (level 6, -3/57 HPs)
             Began as a Naga Wanderer on Aug 22, 2021.
             Was an Initiate of Gozag.
             Slain by Edmund (12 damage)
             ... on level 6 of the Dungeon.
             The game lasted 00:03:50 (3362 turns).

MajorAdolf the Chopper (Naga Wanderer)              Turns: 3362, Time: 00:03:50

Health: -3/57      AC:  4    Str: 17    XL:     6   Next: 9%
Magic:  6/6        EV:  8    Int: 11    God:    Gozag
Gold:   229        SH:  0    Dex: 11    Spells: 1/5 levels left

rFire    + . .     SeeInvis +   a - +2 hand axe
rCold    . . .     Faith    .   (no shield)
rNeg     . . .     Spirit   .   b - +0 ring mail
rPois    +         Reflect  .   (no helmet)
rElec    .         Harm     .   (no cloak)
rCorr    .         Rampage  .   (no gloves)
Will     .....                  (no barding)
Stlth    ..........             h - amulet of regeneration
HPRegen  1.19/turn              i - ring of protection from fire
MPRegen  0.10/turn              (no ring)

@: short of breath, silenced, very slow
A: AC +2, large, see invisible, deformed body, poison resistance, slowness 2,
spit poison 1, naga tail 1
a: Spit Poison, Renounce Religion


You were on level 6 of the Dungeon.
You worshipped Gozag.
Gozag was aware of your devotion.
You visited 2 branches of the dungeon, and saw 8 of its levels.

You collected 299 gold pieces.
You paid 70 gold pieces to Gozag.

Inventory:

Hand Weapons
 a - a +2 hand axe (weapon)
 c - a +0 shortbow
 e - a +0 dagger
 r - a +5 club
Missiles
 d - 101 arrows
 l - 2 throwing nets
Armour
 b - a +0 ring mail (worn)
 t - a +0 chain mail of poison resistance
 w - a +0 kite shield
Jewellery
 h - an amulet of regeneration (around neck)
 i - a ring of protection from fire (left hand)
 v - an amulet of faith
Wands
 q - a wand of digging (3)
Scrolls
 g - a scroll of noise {unknown}
 k - 2 scrolls of identify {unknown}
 m - a scroll of fear {unknown}
 n - 4 scrolls of immolation {unknown}
 s - a scroll of teleportation {unknown}
Potions
 j - a potion of attraction {unknown}
 o - a potion of heal wounds {unknown}
 p - a potion of degeneration {unknown}
 u - a potion of resistance {unknown}
 x - a potion of mutation {unknown}


   Skills:
 + Level 4.0 Fighting
 + Level 4.5 Axes
 - Level 1.7 Bows
 - Level 1.5 Armour
 - Level 3.0 Stealth
 + Level 1.5 Shields
 + Level 0.0 Spellcasting
 + Level 0.0 Poison Magic


You had one spell level left.
You knew the following spells:

 Your Spells              Type           Power      Damage    Failure   Level
a - Olgreb's Toxic Radia  Pois           0%         N/A       99%         4

Your spell library contained the following spells:

 Spells                   Type           Power      Damage    Failure   Level
 Foxfire                  Conj/Fire      0%         2x1d4     54%         1
 Sting                    Tmut/Pois      0%         1d3       54%         1
 Poisonous Vapours        Pois/Air       0%         N/A       67%         2
 Conjure Flame            Conj/Fire      0%         6-21      88%         3
 Inner Flame              Hex/Fire       0%         N/A       88%         3


Dungeon Overview and Level Annotations

Branches:
Dungeon (7/15)             Temple (1/1) D:4

Altars:
Ashenzari
Cheibriados
Elyvilon
Gozag
Hepliaklqana
Makhleb
Nemelex Xobeh
Ru
Sif Muna
Uskayaw
The Shining One

Shops:
D:2 *

Annotations:
D:6 Edmund, Maggie


Innate Abilities, Weirdness & Mutations

Your serpentine skin is tough. (AC +2)
You have supernaturally acute eyesight. (SInv)
Armour fits poorly on your strangely shaped body.
Your system is resistant to poisons. (rPois)
You cover ground very slowly.
You can spit poison.
You have a snake-like lower body.


Message History

Press: ? - help, Shift-Dir - straight line, f - Edmund
Aim: Edmund, wielding a +2 flail of protection and wearing a +0 leather armour You fail to use your ability.
You are no longer entranced.
Edmund hits you with a +2 flail of protection!
Unknown command.
Okay, then.
As you read the scroll labelled JEIRUSAAZI, it crumbles to dust.
A profound silence engulfs you.
It was a scroll of silence.
Edmund hits you with a +2 flail of protection.
You barely miss Edmund.
Edmund hits you with a +2 flail of protection!
You hit Edmund.
Edmund is lightly wounded.
Edmund hits you with a +2 flail of protection!
You hit Edmund.
Edmund is lightly wounded.
Edmund hits you with a +2 flail of protection.
You barely miss Edmund.
Edmund is lightly wounded.
Edmund hits you with a +2 flail of protection.
* * * LOW HITPOINT WARNING * * *
Abil: Spit Poison
Press: ? - help, Q - select action, (/) - cycle Shift-Dir - straight line, f/p - Edmund
Aim: Edmund, wielding a +2 flail of protection and wearing a +0 leather armour (silenced, lightly wounded)
Okay, then.
Press: ? - help, Shift-Dir - straight line, f/p - Edmund
Aim: Edmund, wielding a +2 flail of protection and wearing a +0 leather armour (silenced, lightly wounded)
The splash of poison hits Edmund but does no damage.
Edmund is poisoned.
Edmund is lightly wounded.
Edmund hits you with a +2 flail of protection!
* * * LOW HITPOINT WARNING * * *
Okay, then.
Okay, then.
You barely miss Edmund.
Edmund is lightly wounded.
Edmund hits you with a +2 flail of protection!
You die...
Your body crumbles into a pile of gold.

##............#########
#.............#........
#.............#........
##..PP...._....#........
#...PP.........#........
#...PP...P.....#........
#...PP........##.@......
###...PP........##....[...
..)...PPPPPPP...@@........
####..PPPPPPP..###........
###............# #........
...............##########.
....................
##..###.##.########.
........##.# ######..##.#
######..##.##


You could see Maggie and Edmund (poisoned).

Vanquished Creatures
  A phantom (D:6)
  Jessica (D:3)
  A bullfrog skeleton (D:6)
  An orc wizard (D:6)
  An adder (D:2)
  An adder skeleton (D:4)
  2 worms
  4 dart slugs
  3 orcs (D:6)
  5 endoplasms
  2 giant cockroaches
  4 goblins
  5 hobgoblins
  4 jackals (D:1)
  5 kobolds
  A quokka (D:3)
  3 ball pythons
  3 rats
47 creatures vanquished.

Vanquished Creatures (others)
  An orc wizard (D:6)
  6 fungi (D:6)
  3 plants (D:4)
10 creatures vanquished.

Grand Total: 57 creatures vanquished

Notes
Turn   | Place    | Note
-------+----------+-------------------------------------------
     0 | D:1      | MajorAdolf the Naga Wanderer began the quest for the Orb.
     0 | D:1      | MajorAdolf set off with the following items: a +2 hand axe,
                  | a +0 ring mail, a +0 shortbow, 26 arrows, a +0 dagger
     0 | D:1      | Reached XP level 1. HP: 19/19 MP: 1/1
   426 | D:1      | Reached XP level 2. HP: 20/27 MP: 2/2
  1290 | D:1      | Reached XP level 3. HP: 32/33 MP: 3/3
  1367 | D:2      | Found Yvapt's Assorted Antiques.
  1392 | D:2      | Found a faded altar of an unknown god.
  2269 | D:3      | Noticed Jessica
  2280 | D:3      | Killed Jessica
  2281 | D:3      | Reached XP level 4. HP: 24/42 MP: 4/4
  3018 | D:4      | Found a staircase to the Ecumenical Temple.
  3037 | D:5      | Entered Level 5 of the Dungeon
  3050 | Temple   | Entered the Ecumenical Temple
  3097 | Temple   | Became a worshipper of Gozag Ym Sagoz the Greedy
  3205 | D:4      | You fall into a shaft and drop 3 floors!
  3224 | D:7      | Noticed a phantom
  3259 | D:6      | Killed a phantom
  3260 | D:6      | Reached skill level 1 in Shields
  3260 | D:6      | Reached XP level 5. HP: 32/50 MP: 5/5
  3299 | D:6      | Reached XP level 6. HP: 39/57 MP: 6/6
  3319 | D:6      | Learned a level 4 spell: Olgreb's Toxic Radiance
  3341 | D:6      | Found a hazy altar of Hepliaklqana.
  3351 | D:6      | Noticed Edmund
  3352 | D:6      | Noticed Maggie
  3362 | D:6      | Slain by Edmund

Illustrated notes

Levels and vault maps discovered:
D:1:      minmay_arrival_loop, layout_basic, st_stairs_14,
          minmay_misc_feat_tiny, dk_noncrumbling_2
D:2:      layout_basic, hellmonk_ecumenical_altar_arch_garden, serial_shops,
          nicolae_diamond_shop, minmay_misc_feat_four_crosses,
          uniq_crazy_yiuf_cottage
D:3:      layout_basic, minmay_misc_feat_secret_circle, uniq_jessica
D:4:      layout_loops_cross, minmay_temple_entry_statues_pillars,
          serial_forest, infiniplex_forest_clump_tiny, infiniplex_forest_3_way,
          infiniplex_forest_end_2, infiniplex_forest_lined_room_, st_stairs_1,
          nicolae_shop_sticking_my_neck_out
D:5:      layout_basic
D:6:      kennysheep_housing_project, layout_basic,
          mainiacjoe_overflow_chevrons, serial_shops, nicolae_lakefront_shop,
          uniq_pikel, uniq_maggie, uniq_edmund
D:7:      layout_gridville, dk_xom_monty_hall, enter_bailey_5
Temple:   cyrus_temple_forest

Skill      XL: |  1  2  3  4  5 |
---------------+----------------+-----
Axes           | 3 4 |  4.5
Fighting       | 3 4 |  4.0
Shields        | 1 |  1.5
Bows           | |  1.7
Armour         | |  1.5
Stealth        | |  3.0

Action                   |  1- 3 |  4- 6 || total
-------------------------+-------+-------++-------
Melee: Hand axe          |    92 |    81 ||   173
       Club              |       |     7 ||     7
 Abil: Spit Poison       |     1 |     2 ||     3
  Use: Scroll            |       |     1 ||     1
 Stab: Sleeping          |     2 |       ||     2
Armor: Ring mail         |    25 |    30 ||    55
Dodge: Dodged            |    41 |    35 ||    76
